 Dungeon Crawl Stone Soup version 0.21-a0-150-gc243083 (webtiles) character file.

7053 ThePhantomMennas the Cleaver (level 10, -7/76 HPs)
             Began as a Demonspawn Wanderer on July 26, 2017.
             Was a Follower of Trog.
             Killed from afar by a gargoyle (20 damage)
             ... with a stone arrow
             ... on level 10 of the Dungeon on July 29, 2017.
             The game lasted 00:20:57 (10087 turns).

ThePhantomMennas the Cleaver (Demonspawn Wanderer) Turns: 10087, Time: 00:20:58

Health: -7/76      AC: 12    Str: 14    XL:     10   Next: 83%
Magic:  10/10      EV:  9    Int: 18    God:    Trog [*.....]
Gold:   93         SH:  0    Dex: 10    Spells: 9/9 levels left

rFire    . . .     SeeInvis .   r - +1 war axe
rCold    + . .     Gourm    .   (no shield)
rNeg     . . .     Faith    .   a - +2 scale mail
rPois    .         Spirit   .   (no helmet)
rElec    .         Reflect  .   (no cloak)
rCorr    +         Harm     .   y - +0 pair of gloves
MR       .....                  v - +0 pair of boots
Stlth    ..........             A - amulet of regeneration
HPRegen  0.62/turn              x - ring of resist corrosion
MPRegen  0.12/turn              J - ring of protection from cold

@: no status effects
A: claws 2, rugged brown scales 1, foul stench 1, rot immunity
a: Berserk, Burn Spellbooks, Renounce Religion


You were on level 10 of the Dungeon.
You worshipped Trog.
Trog was aware of your devotion.
You were not hungry.

You visited 2 branches of the dungeon, and saw 11 of its levels.

You collected 461 gold pieces.
You spent 368 gold pieces at shops.

Inventory:

Hand Weapons
 b - a +0 short sword
 c - a +0 shortbow
 d - a +0 mace
 r - a +1 war axe (weapon)
Missiles
 h - 101 arrows
Armour
 a - a +2 scale mail (worn)
 n - a +1 crystal plate armour
 v - a +0 pair of boots (worn)
 y - a +0 pair of gloves (worn)
Jewellery
 e - an uncursed amulet of magic regeneration
 q - an uncursed ring of fire
 x - a ring of resist corrosion (left hand)
 A - an amulet of regeneration (around neck)
 B - an uncursed ring of see invisible
 J - a ring of protection from cold (right hand)
Wands
 l - a wand of acid (6/15)
 C - a wand of polymorph (12/24)
 D - a wand of paralysis (1/24)
 F - a wand of flame (15/48)
 G - a wand of iceblast (15/15)
 H - a wand of polymorph (13/24)
 K - a wand of polymorph (5/24)
Scrolls
 g - a scroll of teleportation
 i - 8 scrolls of identify
 k - 5 scrolls of enchant armour
 p - 4 scrolls of amnesia
 t - a scroll of magic mapping
 z - a scroll of fog
 E - 3 scrolls of remove curse
Potions
 j - 2 potions of brilliance
 m - a potion of agility
 s - 2 potions of magic {unknown}
 w - 5 potions of heal wounds
 I - a potion of curing
Comestibles
 f - 14 bread rations
 o - 7 meat rations
 u - 5 royal jellies


   Skills:
 - Level 5.0 Fighting
 + Level 13.8 Axes
 - Level 1.7 Bows
 - Level 4.4 Armour
   Level 1.0 Shields
 - Level 1.0 Evocations


You had 9 spell levels left.
You didn't know any spells.

Dungeon Overview and Level Annotations

Branches:
Dungeon (10/15)            Temple (1/1) D:6            Lair (0/6) D:8
    Orc (0/2) D:9

Altars:
Ashenzari
Cheibriados
Dithmenos
Elyvilon
Fedhas
Gozag
Hepliaklqana
Kikubaaqudgha
Makhleb
Nemelex Xobeh
Okawaru
Qazlal
Ru
Sif Muna
Trog
Uskayaw
Vehumet
Wu Jian
Xom
Yredelemnul
Zin
The Shining One

Shops:
D:7 (   D:9 !


Innate Abilities, Weirdness & Mutations

You have very sharp fingernails.
You are partially covered in rugged brown scales. (AC +1, +3% HP)
You may emit foul miasma when damaged in melee.
You are immune to rotting.


Message History

The gargoyle hurls a stone arrow at you.
The stone arrow hits you!
You hit the gargoyle but do no damage. You hit the gargoyle but do no damage.
The gargoyle closely misses you.
You hit the gargoyle but do no damage.
The gargoyle hits you with a morningstar!
You hit the gargoyle but do no damage. You hit the gargoyle.
The gargoyle is lightly damaged.
The gargoyle hurls a stone arrow at you.
The stone arrow hits you!
You hit the gargoyle but do no damage.
The gargoyle is lightly damaged.
The gargoyle hurls a stone arrow at you.
The stone arrow hits you!
* * * LOW HITPOINT WARNING * * *
You hit the gargoyle but do no damage.
The gargoyle hurls a stone arrow at you.
The stone arrow hits you!
You die...

#..#########......##...
#..# #.....#.##.. ##.##
#....#.#.###
#..########....##.#... #
#.............#.##.... #..
#............#.#......
#..###............##.......
#.......[........#.........
#.........@9...............
#.###.?............###.....
# #..........)...## #.....
#..............# #....[
#...............# #...(.
#...............# #.....
#................# #.....
#................# #.....
..........# #.....


You could see a gargoyle.

Vanquished Creatures
  Pikel (D:7)
  An ugly thing (D:10)
  An elephant (D:8)
  Joseph (D:9)
  Prince Ribbit (D:8)
  Sigmund (D:2)
  A spriggan (D:7)
  A wyvern (D:8)
  4 yaks
  A basilisk (D:8)
  Duvessa (D:5)
  5 ice beasts
  2 sky beasts
  A black bear (D:8)
  4 orc warriors
  A phantom (D:9)
  6 ogres
  A centaur (D:8)
  A crocodile (D:8)
  2 big kobolds
  5 bullfrogs
  Dowan (D:5)
  A water moccasin zombie (D:8)
  A scorpion (D:10)
  4 killer bees (D:10)
  A howler monkey (D:6)
  2 crimson imps
  2 bullfrog zombies
  5 jellies
  A gnoll shaman (D:5)
  A quasit (D:10)
  5 orc priests
  2 bullfrog skeletons
  2 hounds
  10 orc wizards
  3 iguanas
  5 worker ants
  A hound skeleton (D:5)
  6 gnolls (D:5)
  A howler monkey skeleton (D:9)
  12 adders
  2 adder zombies
  An adder skeleton (D:4)
  A worm (D:2)
  A dart slug (D:1)
  10 leopard geckos
  53 orcs
  A ball python (D:3)
  6 bats
  6 giant cockroaches
  12 goblins
  3 hobgoblins
  A jackal (D:10)
  19 kobolds
  2 quokkas
  7 frilled lizards
  2 leopard gecko skeletons
  A leopard gecko zombie (D:8)
  10 rats
246 creatures vanquished.

Vanquished Creatures (others)
  2 slaves (D:8)
  A crimson imp (D:8)
  A hound zombie (D:8)
  2 orcs (D:8)
6 creatures vanquished.

Grand Total: 252 creatures vanquished

Notes
Turn   | Place    | Note
-------+----------+-------------------------------------------
     0 | D:1      | ThePhantomMennas the Demonspawn Wanderer began the quest for the Orb.
     0 | D:1      | ThePhantomMennas set off with: a +2 scale mail, a potion of curing, a +0 shortbow, 27 arrows, a bread ration
     0 | D:1      | Reached XP level 1. HP: 18/18 MP: 1/1
   322 | D:1      | Gained mutation: You are partially covered in rugged brown scales. (AC +1, +3% HP) [demonic ancestry]
   322 | D:1      | Reached XP level 2. HP: 18/24 MP: 2/2
  1227 | D:2      | Reached XP level 3. HP: 28/29 MP: 3/3
  1405 | D:2      | Noticed Sigmund
  1773 | D:2      | Found a shimmering altar of Xom.
  1776 | D:2      | Found an ancient bone altar of Kikubaaqudgha.
  1779 | D:2      | Found a burning altar of Makhleb.
  1794 | D:2      | Killed Sigmund
  1794 | D:2      | Reached skill level 5 in Fighting
  1794 | D:2      | Gained mutation: You are immune to rotting. [demonic ancestry]
  1794 | D:2      | Reached XP level 4. HP: 16/40 MP: 4/4
  1794 | D:2      | Reached XP level 5. HP: 18/45 MP: 5/5
  1795 | D:2      | Upgraded the game from 0.21-a0-146-g612aa8a to 0.21-a0-150-gc243083
  2406 | D:3      | Reached skill level 1 in Axes
  2548 | D:3      | Reached XP level 6. HP: 43/52 MP: 6/6
  2621 | D:3      | Reached skill level 2 in Axes
  3300 | D:4      | HP: 1/52 [ogre/giant club (8)]
  3302 | D:4      | Reached skill level 3 in Axes
  4017 | D:4      | Reached skill level 4 in Axes
  4017 | D:4      | Gained mutation: You may emit foul miasma when damaged in melee. [demonic ancestry]
  4017 | D:4      | Reached XP level 7. HP: 51/57 MP: 7/7
  4099 | D:4      | Found an iron altar of Okawaru.
  4197 | D:4      | Found a glowing golden altar of the Shining One.
  4591 | D:5      | Entered Level 5 of the Dungeon
  4699 | D:5      | Reached skill level 5 in Axes
  4818 | D:5      | Found an opulent altar of Gozag.
  4980 | D:5      | Noticed Duvessa
  5000 | D:5      | Killed Duvessa
  5006 | D:5      | Noticed Dowan
  5013 | D:5      | Killed Dowan
  5013 | D:5      | Reached skill level 6 in Axes
  5046 | D:5      | Found a deep blue altar of Sif Muna.
  5236 | D:5      | Gained mutation: You have sharp fingernails. [demonic ancestry]
  5236 | D:5      | Reached XP level 8. HP: 54/63 MP: 8/8
  5522 | D:6      | Reached skill level 7 in Axes
  5639 | D:6      | Reached skill level 8 in Axes
  5781 | D:6      | Found a staircase to the Ecumenical Temple.
  5787 | Temple   | Entered the Ecumenical Temple
  6314 | D:7      | Reached skill level 9 in Axes
  6366 | D:7      | Found Rycenluxt's Antique Weapon Boutique.
  6374 | D:7      | Found a sacrificial altar of Ru.
  6555 | D:7      | Gained mutation: You have very sharp fingernails. [demonic ancestry]
  6555 | D:7      | Reached XP level 9. HP: 63/70 MP: 9/9
  6835 | D:7      | Reached skill level 10 in Axes
  7108 | D:8      | Found a sparkling altar of Nemelex Xobeh.
  7183 | D:8      | Noticed Pikel
  7242 | D:7      | Killed Pikel
  7242 | D:7      | Reached skill level 11 in Axes
  7476 | D:8      | Found a staircase to the Lair.
  7476 | D:8      | Noticed an elephant
  7803 | D:8      | Reached XP level 10. HP: 29/76 MP: 10/10
  7959 | D:8      | Reached skill level 12 in Axes
  7989 | D:8      | Killed an elephant
  7993 | D:8      | Noticed Prince Ribbit
  8017 | D:8      | Killed Prince Ribbit
  8570 | D:9      | Found a blossoming altar of Fedhas.
  8608 | D:9      | Noticed Joseph
  8627 | D:9      | Killed Joseph
  8787 | D:9      | Found a staircase to the Orcish Mines.
  8840 | D:9      | Found a shadowy altar of Dithmenos.
  8840 | D:9      | Found a bloodstained altar of Trog.
  8844 | D:9      | Became a worshipper of Trog the Wrathful
  8982 | D:9      | Reached skill level 13 in Axes
  9093 | D:9      | Found a white marble altar of Elyvilon.
  9122 | D:9      | Found Joiwader's Distillery.
  9146 | D:9      | Bought a potion of heal wounds for 80 gold pieces
  9146 | D:9      | Bought a potion of curing for 48 gold pieces
  9146 | D:9      | Bought a potion of heal wounds for 80 gold pieces
  9146 | D:9      | Bought a potion of heal wounds for 80 gold pieces
  9146 | D:9      | Bought a potion of heal wounds for 80 gold pieces
  9445 | D:10     | Entered Level 10 of the Dungeon
  9461 | D:10     | Noticed a brown ugly thing
  9471 | D:10     | Killed a brown ugly thing
  9618 | D:10     | Reached * piety under Trog
 10077 | D:10     | Noticed a gargoyle
 10087 | D:10     | Killed from afar by a gargoyle

Vault maps used:
D:1:      scummos_arrival_forest, wad_floor_pattern_2
D:2:      grunt_temple_overflow_diamond, uniq_sigmund
D:4:      okawaru_altar_gauntlet_db, tso_altar, first_bread
D:5:      old_standard_altar, grunt_gozag_statues, uniq_duvessa
D:6:      minmay_temple_entry_enclosed_plants
D:7:      lemuel_round_altar, serial_shops, shop_statue, hangedman_decor_points,
          st_stairs_6, the_bakery, lightli_orcish_oven
D:8:      kennysheep_mini_moat, david_lair_generic, uniq_prince_ribbit1,
          uniq_pikel
D:9:      elyvilon_altar_3, gammafunk_temple_overflow_wave,
          lemuel_coloured_pillars_altar, orc_0_dummy, serial_shops, shop_statue,
          uniq_joseph
D:10:     minivault_24, minmay_misc_feat_secret_circle, st_stairs_12
Temple:   chequers_temple_sunken

Skill      XL: |  1  2  3  4  5  6  7  8  9 10 |
---------------+-------------------------------+-----
Armour         | 3 4 |  4.4
Fighting       | 5 |  5.0
Axes           | 1 4 6 9 11 13 | 13.8
Bows           | |  1.7
Shields        | |  1.0
Evocations     | |  1.0

Action                   |  1- 3 |  4- 6 |  7- 9 | 10-12 || total
-------------------------+-------+-------+-------+-------++-------
Melee: Short sword       |    20 |     2 |       |       ||    22
       War axe           |       |   179 |   560 |   238 ||   977
 Fire: Shortbow          |   117 |       |       |       ||   117
Invok: Burn Spellbooks   |       |       |       |     1 ||     1
Evoke: Wand              |       |       |       |     7 ||     7
  Use: Potion            |     2 |     1 |     5 |     1 ||     9
       Scroll            |     2 |       |    14 |     1 ||    17
 Stab: Paralysed         |       |       |       |     8 ||     8
  Eat: Chunk             |     2 |     5 |    11 |     6 ||    24
       Bread ration      |       |     1 |       |     1 ||     2
Armor: Scale mail        |    40 |   141 |   293 |   125 ||   599
Dodge: Dodged            |    33 |   114 |   286 |    77 ||   510
